 Dungeon Crawl Stone Soup version 0.27.1 (webtiles) character file.

Game seed: 14637005317521379565

50 Descartes the Shield-Bearer (level 4, -1/35 HPs)
             Began as a Formicid Fighter on Aug 22, 2021.
             Slain by Sigmund (2 damage)
             ... on level 2 of the Dungeon.
             The game lasted 00:02:29 (1814 turns).

Descartes the Shield-Bearer (Formicid Fighter)      Turns: 1814, Time: 00:02:29

Health: -1/35      AC:  9    Str: 19 (21) XL:     4   Next: 4%
Magic:  4/4        EV:  6    Int:  5 (8)  God:
Gold:   84         SH:  0    Dex:  8 (10) Spells: 3/3 levels left

rFire    . . .     SeeInvis +   a - +0 war axe
rCold    . . .     Faith    .   c - +0 kite shield
rNeg     . . .     Spirit   .   e - +0 chain mail
rPois    .         Reflect  .   (helmet unavailable)
rElec    .         Harm     .   (no cloak)
rCorr    .         Rampage  .   (no gloves)
Will     .....                  (no boots)
Stlth    ..........             (no amulet)
HPRegen  0.11/turn              (no ring)
MPRegen  0.09/turn              (no ring)

@: confused
A: permanent stasis, dig shafts and tunnels, antennae 3, four strong arms
a: Dig, Shaft Self


You were on level 2 of the Dungeon.
You visited 1 branch of the dungeon, and saw 2 of its levels.

You collected 84 gold pieces.

Inventory:

Hand Weapons
 a - a +0 war axe (weapon)
Missiles
 b - 42 arrows
 g - 33 stones
Armour
 c - a +0 kite shield (worn)
 e - a +0 chain mail (worn)
Scrolls
 f - a scroll of immolation
 h - a scroll of holy word {unknown}
Potions
 d - a potion of might


   Skills:
 - Level 3.2 Fighting
 - Level 2.0 Axes
 - Level 3.2 Armour
 + Level 5.6 Shields


You had 3 spell levels left.
You didn't know any spells.
Your spell library contained the following spells:

 Spells                   Type           Power      Damage    Failure   Level
 Corona                   Hex            0%         N/A       100%        1
 Corpse Rot               Necr/Air       N/A        N/A       100%        2
 Ensorcelled Hibernation  Hex/Ice        0%         N/A       100%        2
 Tukima's Dance           Hex            0%         N/A       100%        3
 Dispel Undead            Necr           0%         3d6       100%        4
 Death Channel            Necr           0%         N/A       100%        6


Dungeon Overview and Level Annotations

Branches:
Dungeon (2/15)

Altars:

Annotations:
D:2 Sigmund


Innate Abilities, Weirdness & Mutations

You cannot be hasted, slowed, berserked, paralysed or teleported.
You can dig through walls and to a lower floor.
You have a pair of large antennae on your head. (SInv)
Your four strong arms can wield two-handed weapons with a shield.


Message History

You are too injured to fight recklessly!
You are too injured to fight recklessly!
You are too injured to fight recklessly!
You hit Sigmund but do no damage.
Sigmund is moderately wounded.
You block Sigmund's attack.
You slash Sigmund!
Sigmund is heavily wounded.
Sigmund hits you but does no damage.
You barely miss Sigmund.
Sigmund is heavily wounded.
You block Sigmund's attack.
You barely miss Sigmund.
Sigmund is heavily wounded.
Sigmund hits you but does no damage.
You barely miss Sigmund.
Sigmund is heavily wounded.
Sigmund points at you and mumbles some strange words.
The magic dart hits you!
* * * LOW HITPOINT WARNING * * *
Sigmund hits you but does no damage.
You slash Sigmund!
Sigmund is almost dead.
Sigmund gestures at you while chanting. You resist with some effort.
Unknown command.
You hit Sigmund but do no damage.
Sigmund is almost dead.
Sigmund hits you with a +0 scythe!
* * * LOW HITPOINT WARNING * * *
You barely miss Sigmund.
Sigmund is almost dead.
Sigmund gestures at you while chanting.
You are confused.
Sigmund barely misses you.
It was a potion of degeneration.
There was something very wrong with that liquid.
You feel weakened.
You feel dopey.
You feel clumsy. Sigmund hits you with a +0 scythe.
You die...

..........#.....#.##
.###......#.#.###..## .#
#.###....#.# ....# .#
#.###..###.###..####.#
.###....................#
.........#.#.#....#######
.........##.#####.#
###########.# ##'## #.#
#@@.# #.# #.....#
#.##.......#
#.#.........#
.'.........'.
..#.........###
#####.......## ##.....##


You could see Sigmund.

Vanquished Creatures
  2 worms (D:2)
  6 ball pythons
  3 bats
  4 endoplasms
  A giant cockroach (D:2)
  3 goblins
  3 hobgoblins (D:2)
  6 jackals (D:1)
  4 kobolds
  A quokka (D:2)
  2 frilled lizards (D:1)
  5 rats
40 creatures vanquished.

Notes
Turn   | Place    | Note
-------+----------+-------------------------------------------
     0 | D:1      | Descartes the Formicid Fighter began the quest for the Orb.
     0 | D:1      | Reached XP level 1. HP: 18/18 MP: 1/1
    37 | D:1      | You fall into a shaft and drop 1 floor!
    88 | D:2      | Reached skill level 4 in Shields
    88 | D:2      | Reached XP level 2. HP: 20/24 MP: 2/2
   221 | D:1      | Found a faded altar of an unknown god.
   466 | D:1      | Reached XP level 3. HP: 29/29 MP: 3/3
   488 | D:1      | Reached skill level 5 in Shields
  1663 | D:2      | Reached XP level 4. HP: 20/35 MP: 4/4
  1794 | D:2      | Noticed Sigmund
  1811 | D:2      | HP: 1/35 [Sigmund (10)]
  1814 | D:2      | Slain by Sigmund

Illustrated notes

Levels and vault maps discovered:
D:1:      mushboom_english_gardens, layout_basic,
          hellmonk_ecumenical_altar_blasted, minmay_curled_crystal
D:2:      layout_loops_corners, minmay_misc_feat_roman, uniq_sigmund

Skill      XL: |  1  2  3 |
---------------+----------+-----
Shields        | 4 5 |  5.6
Fighting       | |  3.2
Axes           | |  2.0
Armour         | |  3.2

Action                   |  1- 3 |  4- 6 || total
-------------------------+-------+-------++-------
Melee: War axe           |   102 |    15 ||   117
  Use: Potion            |       |     1 ||     1
Armor: Chain mail        |    60 |     4 ||    64
Dodge: Dodged            |    21 |     3 ||    24
Block: Kite shield       |    62 |     3 ||    65
